 Dungeon Sprint DCSS version 0.24-a0-244-ga6a6ab7 (webtiles) character file.

Game seed: 16222388549558967294

39 MikeHunt the Conjurer (level 3, -5/26 HPs)
             Began as a Draconian Conjurer on Apr 11, 2019.
             Slain by a water elemental (14 damage)
             ... in the Dungeon (Sprint III: "The Ten Rune Challenge").
             The game lasted 00:01:59 (334 turns).

MikeHunt the Conjurer (Draconian Conjurer)           Turns: 334, Time: 00:02:00

Health: -5/26      AC:  5    Str: 10    XL:     3   Next: 26%
Magic:  5/9        EV: 12    Int: 16    God:
Gold:   10         SH:  0    Dex: 11    Spells: 6/12 levels left

rFire    . . .     SeeInvis .   a - +0 hand axe
rCold    . . .     Gourm    .   (no shield)
rNeg     . . .     Faith    .   (armour unavailable)
rPois    .         Spirit   .   (helmet restricted)
rElec    .         Reflect  .   (no cloak)
rCorr    .         Harm     .   (no gloves)
MR       .....     NoTele   +   (no boots)
Stlth    +.........             (no amulet)
HPRegen  0.08/turn              (no ring)
MPRegen  0.11/turn              (no ring)

@: engulfed (cannot breathe)
A: unfitting armour, hooves 1, horns 1, stinger 1, cold-blooded, AC +5
a: no special abilities


You were in the Dungeon.
You were not hungry.

You visited 1 branch You collected 10 gold pieces.

Inventory:

Hand Weapons
 a - a +0 hand axe (weapon)
Armour
 i - a +0 shield
Scrolls
 g - a scroll of torment {unknown}
 h - a scroll of blinking
 j - 3 scrolls of remove curse
 k - 2 scrolls of identify {unknown}
 m - a scroll of holy word {unknown}
Potions
 c - 4 potions of mutation
 d - a potion of heal wounds
 e - a potion of haste
 f - 2 potions of magic
 l - 4 potions of flight
Comestibles
 b - 3 rations


   Skills:
 - Level 1.7 Dodging
 - Level 1.7 Stealth
 + Level 5.2 Spellcasting
 + Level 5.5 Conjurations
 + Level 0.0 Hexes


You had 6 spell levels left.
You knew the following spells:

 Your Spells              Type           Power        Failure   Level  Hunger
d - Dazzling Spray        Conj/Hex       ##....       14%         3    ###....
e - Magic Dart            Conj           ###.         1%          1    None
r - Searing Ray           Conj           ###...       2%          2    #......

Your spell library contained the following spells:

 Spells                   Type           Power        Failure   Level  Hunger
 Iskenderun's Mystic Bla  Conj           ###.....     16%         4    ####...
 Force Lance              Conj/Tloc      ##......     43%         4    ####...
 Fulminant Prism          Conj/Hex       ##........   43%         4    ####...


Dungeon Overview and Level Annotations

Branches:
Dungeon (1/1)

Altars:


Innate Abilities, Weirdness & Mutations

Your plain brown scales are hard. (AC +5)
You cannot fit into any form of body armour.
You are cold-blooded and may be slowed by cold attacks.
You have large cloven feet.
You have a pair of small horns on your head.
Your tail ends in a poisonous barb.


Message History

The water elemental moves out of view.
Unknown command.
Casting: Magic Dart (safe; 1% risk of failure)
Confirm with . or Enter, or press ? or * to list all spells.
Aiming: Searing Ray (safe; 2% risk of failure)
Press: ? - help, Shift-Dir - straight line, f - water elemental
Aim: a water elemental The searing ray hits the water elemental.
The water elemental is lightly damaged. (Press . to maintain the ray.)
The searing ray hits the water elemental.
The water elemental is moderately damaged.
The water elemental hits you!
The water elemental engulfs you in water!
The searing ray hits the water elemental!
The water elemental is heavily damaged.
Your lungs strain for air!
The water elemental hits you!
Ouch! That really hurt!
You die...

▓▓▓▓▓▓▓▓ ▓▓▓ <..#...####
##.# ...#......#####..#
..##.......#..#..#
##.##.##...#..#..###+#+#
##.##.###..##'#.@#......
#.####.##..###...E.⌠....
.###..##.÷####...#...###
#.....##..###....#.⌠.#
###..##...##.....# ..#
##..##....#......# ###
#..###..##.#.....# #..#
#.. ####....# ▓▓▓▓ ▓▓▓
▓▓▓▓▓▓


You could see a water elemental.

Vanquished Creatures
  A human (D)
  A wolf (D)
  An ooze (D)
  3 rats (D)
6 creatures vanquished.

Vanquished Creatures (others)
  2 draconian scorchers (D)
  6 hellions (D)
  A yaktaur (D)
9 creatures vanquished.

Grand Total: 15 creatures vanquished

Notes
Turn   | Place    | Note
-------+----------+-------------------------------------------
     0 | D        | MikeHunt the Draconian Conjurer began the quest for the
                  | Orb.
     0 | D        | Reached XP level 1. HP: 14/14 MP: 3/3
    86 | D        | Killed a hellion
    87 | D        | Killed a yaktaur
   136 | D        | Killed a hellion
   137 | D        | Killed a hellion
   138 | D        | Noticed a wolf
   139 | D        | Killed a hellion
   143 | D        | Killed a wolf
   143 | D        | Reached skill level 5 in Conjurations
   143 | D        | Reached XP level 2. HP: 16/20 MP: 4/7
   145 | D        | Reached skill level 5 in Spellcasting
   145 | D        | Reached XP level 3. HP: 19/26 MP: 4/9
   151 | D        | Killed a white draconian scorcher
   156 | D        | Killed a white draconian scorcher
   163 | D        | Killed a hellion
   165 | D        | Killed a hellion
   180 | D        | Learned a level 2 spell: Searing Ray
   185 | D        | Learned a level 3 spell: Dazzling Spray
   321 | D        | Gained mutation: You have a pair of small horns on your
                  | head. [potion of mutation]
   321 | D        | Gained mutation: Your tail ends in a poisonous barb.
                  | [potion of mutation]
   321 | D        | Gained mutation: You have large cloven feet. [potion of
                  | mutation]
   330 | D        | Noticed a water elemental
   334 | D        | Slain by a water elemental

Levels and vault maps discovered:
D:        dungeon_sprint_mu [sprint_mu_entry_cave, sprint_mu_temple_rooms,
          sprint_mu_d1_spiders, sprint_mu_d2_genie, sprint_mu_d3_branching,
          sprint_mu_orc_legion, sprint_mu_elf_gauntlet, sprint_mu_hive_nellie,
          sprint_mu_lair_fedhas, sprint_mu_vaults_butterflies,
          sprint_mu_slime_circle, sprint_mu_swamp_cave, sprint_mu_shoals_kraken,
          sprint_mu_blade_basic, sprint_mu_crypt_fortress,
          sprint_mu_tomb_spiral, sprint_mu_vestibule_basic,
          sprint_mu_gehenna_hellfire, sprint_mu_dis_giant,
          sprint_mu_tartarus_statrot, sprint_mu_cocytus_islands, sprint_mu_zot1]

Skill      XL: |  1  2 |
---------------+-------+-----
Spellcasting   | 4 5 |  5.2
Conjurations   | 5 |  5.5
Dodging        | |  1.7
Stealth        | |  1.7

Action                   || total
-------------------------++-------
Melee: Hand axe          ||    15
       Unarmed           ||    13
       Tailslap          ||     2
 Cast: Magic Dart        ||     4
       Searing Ray       ||     1
  Use: Potion            ||     3
 Stab: Sleeping          ||     1
Armor: Skin              ||     5
Dodge: Dodged            ||    16

Table legend:
 A = Non-vault XP
 B = Vault XP
 C = Vault XP percentage of total XP
 D = Non-vault monster count
 E = Vault monster count
 F = Vault count percentage of total count
                 A         B        C        D         E       F
            +---------+---------+-------+---------+---------+-------
      Total |       0 |      56 | 100.0 |       0 |       6 | 100.0
            +---------+---------+-------+---------+---------+-------
          D |       0 |      56 | 100.0 |       0 |       6 | 100.0
            +---------+---------+-------+---------+---------+-------
